 Seeded DCSS version 0.30-a0-956-gcec3b41aec (webtiles) character file.

Game seed: 3125986916090331667 (custom seed)

0 Parcival the Sneak (level 1, 0/12 HPs)
             Began as a Kobold Brigand on Mar 29, 2023.
             Frozen to death by an endoplasm (5 damage)
             ... on level 1 of the Dungeon.
             The game lasted 00:00:16 (24 turns).

Parcival the Sneak (Kobold Brigand)                   Turns: 24, Time: 00:00:17

Health: 0/12       AC:  3    Str:  8    XL:     1   Next: 11%
Magic:  1/1        EV: 14    Int: 12    God:
Gold:   0          SH:  0    Dex: 16    Spells: 0/0 levels left

rFire   . . .      SeeInvis .    a - +2 dagger
rCold   . . .      Faith    .    (no shield)
rNeg    . . .      Spirit   .    b - +0 robe
rPois   .          Reflect  .    (no helmet)
rElec   .          Rampage  .    c - +0 cloak
rCorr   .                        (no gloves)
Will    .....                    (no boots)
Stlth   ++++                     (no amulet)
HPRegen 0.22/turn                (no ring)
MPRegen 0.07/turn                (no ring)

@: no status effects
A: small, no large weapons, nightstalker 3
a: no special abilities


You were on level 1 of the Dungeon.
You visited 1 branch of the dungeon, and saw 1 of its levels.

Inventory:

Hand Weapons
 a - a +2 dagger (weapon)
Missiles
 d - 9 poisoned darts (quivered)
 e - 3 curare-tipped darts
Armour
 b - a +0 robe (worn)
 c - a +0 cloak (worn)


   Skills:
 + Level 2.1 Fighting
 + Level 2.6 Short Blades
 + Level 2.1 Throwing
 + Level 1.2 Dodging
 + Level 5.3 Stealth


You couldn't memorise any spells.
You didn't know any spells.
Your spell library was empty.

Dungeon Overview and Level Annotations

Branches:
Dungeon (1/15)

Altars:


Innate Abilities, Weirdness & Mutations

You are small and have problems with some larger weapons.
You are completely attuned to the shadows.


Message History

Welcome, Parcival the Kobold Brigand.
Game seed: 3125986916090331667 (custom seed) Press ? for a list of commands and other information.
Found a staircase leading out of the dungeon.
There's nothing to open nearby.
There's nothing to open nearby.
There's nothing to open nearby.
There's nothing to open nearby.
There's nothing to open nearby.
There's nothing to open nearby.
A goblin comes into view. It is wielding a +0 dagger.
Found a stone staircase leading down.
An endoplasm comes into view.
Found a scroll labelled ROKLIF FIDEHY.
The goblin shouts!
You hear a shout!
The goblin misses you. The goblin attacks as you move away!
The goblin hits you with a +0 dagger.
You see here a scroll labelled ROKLIF FIDEHY.
This is a scroll of acquirement!
Something appears at your feet! The goblin hits you with a +0 dagger.
The endoplasm freezes you.
You are frozen.
You barely miss the goblin. You hit the goblin.
The goblin is severely wounded.
The goblin hits you with a +0 dagger.
The endoplasm hits you but does no damage.
You hit the goblin.
You kill the goblin!
The endoplasm hits you but does no damage.
The endoplasm barely misses you.
Things that are here:
a +0 dagger; a goblin corpse You barely miss the endoplasm.
The endoplasm freezes you.
You are frozen.
You die...

######
.....#
###[####
#..@J....
#.......#
##....#..J
......>...
##.#......
#.......#
#......##
####.###
###..######


You could see an endoplasm.

Vanquished Creatures
  A goblin (D:1)
1 creature vanquished.

Notes
Turn   | Place    | Note
-------+----------+-------------------------------------------
     0 | D:1      | Parcival the Kobold Brigand began the quest for the Orb.
     0 | D:1      | Reached XP level 1. HP: 12/12 MP: 1/1
    19 | D:1      | Identified a scroll of acquirement
    19 | D:1      | Acquired the +2 cloak of the Vacuum {*Slow rC+ Int-4 Dex+8}
    24 | D:1      | Frozen to death by an endoplasm

Illustrated notes

Levels and vault maps discovered:
D:1:      amcnicky_arrival_single_pillar, layout_loops_cross,
          hangedman_glass_garden

Action                     || total
---------------------------++-------
  Melee: Dagger            ||     4
    Use: Scroll            ||     1
 Armour: Robe              ||     2
  Dodge: Dodged            ||     2

Table legend: (Time is in decaauts)
 A = Elapsed time spent in this place.
 B = Non-inter-level travel time spent in this place.
 C = Inter-level travel time spent in this place.
 D = Time resting spent in this place.
 E = Time spent auto-exploring this place.
 F = Levels seen in this place.
 G = Mean time per level.
                   A        B        C        D        E       F      G
               +--------+--------+--------+--------+--------+-----+--------+
         Total |     23 |     23 |      0 |      0 |      9 |   1 |   23.0 |
       Dungeon |     23 |     23 |      0 |      0 |      9 |   1 |   23.0 |
               +--------+--------+--------+--------+--------+-----+--------+

Top non-repeatable levels by time:
     D:1: 23 daAuts
